 Dungeon Crawl Stone Soup version 0.28-a0-883-gc8d7bad45d (webtiles) character file.

Game seed: 14505602339327976785

4951 porpoise the Thaumaturge (level 10, -7/59 HPs)
             Began as a Deep Elf Conjurer on Nov 22, 2021.
             Was an Initiate of Vehumet.
             Mangled by a two-headed ogre (25 damage)
             ... on level 8 of the Dungeon.
             The game lasted 00:31:42 (10916 turns).

porpoise the Thaumaturge (Deep Elf Conjurer)       Turns: 10916, Time: 00:31:42

Health: -7/59      AC:  6    Str:  6    XL:     10   Next: 28%
Magic:  17/27      EV: 13    Int: 25    God:    Vehumet [......]
Gold:   121        SH:  0    Dex: 13    Spells: 18/31 levels left

rFire   . . .      SeeInvis .   b - +1 hunting sling (flame)
rCold   . . .      Faith    .   (no shield)
rNeg    . . .      Spirit   .   d - +0 robe
rPois   .          Reflect  .   r - +0 helmet
rElec   .          Harm     .   C - +1 cloak
rCorr   .          Rampage  .   z - +0 pair of gloves
Will    ++...                   (no boots)
Stlth   +++.......              (no amulet)
HPRegen 0.19/turn               F - ring of willpower
MPRegen 0.20/turn               (no ring)

@: no status effects
A: no striking features
a: Renounce Religion


You were on level 8 of the Dungeon.
You worshipped Vehumet.
Vehumet was noncommittal.
You visited 2 branches of the dungeon, and saw 9 of its levels.

You collected 372 gold pieces.
You spent 251 gold pieces at shops.

Inventory:

Hand Weapons
 a - a +2 mace of draining
 b - a +1 hunting sling of flaming (weapon)
Missiles
 n - 246 stones
 u - 14 boomerangs
 y - 45 sling bullets (quivered ammo)
 D - 8 poisoned darts
Armour
 d - a +0 robe (worn)
 g - a scarf of shadows
 h - a scarf of invisibility
 r - a +0 helmet (worn)
 z - a +0 pair of gloves (worn)
 C - a +1 cloak (worn)
Magical Staves
 G - a staff of poison
Jewellery
 F - a ring of willpower (left hand)
 H - an amulet of the acrobat
 I - a ring of poison resistance
Wands
 e - a wand of mindburst (10)
 k - a wand of paralysis (17)
 m - a wand of polymorph (13)
 E - a wand of digging (5)
Scrolls
 l - 5 scrolls of blinking
 w - 3 scrolls of enchant weapon
 x - 3 scrolls of teleportation
 A - a scroll of fear
Potions
 c - a potion of might
 f - a potion of invisibility {unknown}
 i - 2 potions of haste
 j - a potion of ambrosia
 o - 2 potions of mutation {unknown}
 p - 2 potions of brilliance
 q - 3 potions of flight
 s - 2 potions of attraction
 t - 4 potions of heal wounds
 v - a potion of lignification {unknown}
 B - a potion of curing {unknown}


   Skills:
 - Level 5.0 Fighting
 * Level 4.0 Dodging
 - Level 7.0 Stealth
 * Level 11.3 Spellcasting
 - Level 7.0 Conjurations
 - Level 7.0 Hexes
 - Level 5.0 Translocations
 + Level 3.9 Evocations


You had 18 spell levels left.
You knew the following spells:

 Your Spells              Type           Power      Damage    Failure   Level
b - Searing Ray           Conj           98%        2d8       1%          2
c - Fulminant Prism       Conj/Hex       24%        3d13      2%          4
d - Iskenderun's Mystic   Conj/Tloc      44%        2d10      3%          4
g - Summon Guardian Gole  Hex/Summ       31%        N/A       3%          3

Your spell library contained the following spells:

 Spells                   Type           Power      Damage    Failure   Level
 Magic Dart               Conj           100%       1d8       1%          1
 Dazzling Flash           Conj/Hex       98%        N/A       1%          3
 Beastly Appendage        Tmut           28%        N/A       4%          1
 Summon Small Mammal      Summ           56%        N/A       4%          1
 Wereblood                Tmut           14%        N/A       7%          2
 Call Canine Familiar     Summ           14%        N/A       13%         3
 Spider Form              Tmut/Pois      14%        N/A       13%         3


Dungeon Overview and Level Annotations

Branches:
Dungeon (8/15)             Temple (1/1) D:4
   Lair: D:8-11

Altars:
Ashenzari
Cheibriados
Dithmenos
Elyvilon
Fedhas
Gozag
Hepliaklqana
Kikubaaqudgha
Makhleb
Nemelex Xobeh
Okawaru
Qazlal
Ru
Sif Muna
Trog
Uskayaw
Vehumet
Wu Jian
Xom
Yredelemnul
Zin
The Shining One

Shops:
D:8 **?

Annotations:
D:3 2 transporters
D:8 4 runed translucent doors


Message History

Reactivating autopickup.
You feel a bit more experienced.
Your Dodging skill increases to level 4!
Your Spellcasting skill increases to level 11!
Why would you want to do that?
You start resting.
Magic restored.
You start resting.
A two-headed ogre comes into view.
It is wielding a +0 giant spiked club and a +0 giant club.
Casting: Iskenderun's Mystic Blast (dangerous; 3% risk of failure)
Confirm with . or Enter, or press ? or * to list all spells.
Aiming: Fulminant Prism (dangerous; 2% risk of failure)
Press: ? - help, Dir - move target You conjure a prism of explosive energy!
The two-headed ogre shouts in stereo!
A fulminant prism comes into view.
Your fulminant prism crackles loudly.
Your fulminant prism explodes!
The blast of energy engulfs the two-headed ogre!!
The two-headed ogre is heavily wounded.
Casting: Fulminant Prism (dangerous; 2% risk of failure)
Confirm with . or Enter, or press ? or * to list all spells.
Aiming: Fulminant Prism (dangerous; 2% risk of failure)
Press: ? - help, Dir - move target You conjure a prism of explosive energy!
A fulminant prism comes into view.
Casting: Fulminant Prism (dangerous; 2% risk of failure)
Confirm with . or Enter, or press ? or * to list all spells.
Aiming: Searing Ray (safe; 1% risk of failure)
Press: ? - help, Shift-Dir - straight line, f - two-headed ogre
Aim: a two-headed ogre, wielding a +0 giant spiked club and a +0 giant club (heavily wounded, 92% to hit)
The searing ray hits the two-headed ogre!
The two-headed ogre is severely wounded. (Press . to maintain the ray.)
Your fulminant prism crackles loudly.
The searing ray hits the two-headed ogre!
The two-headed ogre is almost dead.
The two-headed ogre hits you with a +0 giant spiked club!
The two-headed ogre hits you with a +0 giant club!!
You die...

,* *,**,,,,,,,,≈≈≈≈≈≈≈≈#.#... **
*,**,#######,,,,,..≈#.###. *
******'**,#......######.≈#..... *
*,,,*,,,*,#.≈≈≈≈≈.....#.≈#####.
***'*,,,>,,,#.≈....≈≈≈≈.#.≈# #.
*,'∩',,.,,,,#.≈.###...≈.#.≈# ##.
*,*'*,,(..,,#.≈.#_.##.≈.#.≈####..
,,,',,,.....#.≈)#O.*#.≈.#.≈......
****,,,,,,,#.≈.#@≈...≈.#.≈.####..
* **,,,,,,#*≈.#.≈≈._≈.#.≈.# #..
**,,,,,#.≈.#...≈≈≈.#.≈.# #.#
**,,,*#.≈.####....#.≈.# #.#
**'**#.≈.....#####.≈.# #.# ***
*,* #.≈≈≈≈≈≈...).)≈.# #..
**,***,**#.....))≈≈≈≈≈≈≈.# #.#
*,,,,,,,,########........# #..
**,**,,,** ###.###.#####..


You could see a two-headed ogre (ally target) and a friendly fulminant prism.

Vanquished Creatures
  Erica (D:8)
  A two-headed ogre (D:8)
  Eustachio (D:5)
  A steam dragon (D:5)
  An acid dragon (D:4)
  A water moccasin (D:5)
  2 sky beasts (D:6)
  5 ice beasts
  A necrophage (D:6)
  4 ogres
  2 centaurs
  A phantom (D:6)
  2 kobold brigands (D:8)
  3 bullfrogs
  5 scorpions
  A water moccasin skeleton (D:4)
  4 killer bees (D:8)
  A howler monkey (D:4)
  An electric eel (D:8)
  3 centaur zombies
  2 hounds (D:6)
  A jelly (D:3)
  3 orc priests
  A gnoll shaman (D:7)
  Natasha (thrice) (D:3)
  2 iguanas
  3 orc wizards
  Robin (D:3)
  An adder (D:4)
  9 gnolls (D:7)
  4 white imps
  An adder skeleton (D:4)
  An adder zombie (D:5)
  3 worms (D:2)
  2 dart slugs (D:3)
  23 orcs
  An endoplasm (D:1)
  4 giant cockroaches
  12 goblins
  7 hobgoblins
  2 jackals (D:1)
  9 quokkas
  5 ball pythons
  A bat (D:2)
  2 frilled lizards
  15 kobolds
  3 rats
162 creatures vanquished.

Vanquished Creatures (others)
  23 fulminant prisms
23 creatures vanquished.

Grand Total: 185 creatures vanquished

Notes
Turn   | Place    | Note
-------+----------+-------------------------------------------
     0 | D:1      | porpoise the Deep Elf Conjurer began the quest for the Orb.
     0 | D:1      | Reached XP level 1. HP: 10/10 MP: 6/6
   319 | D:1      | Reached XP level 2. HP: 15/15 MP: 3/8
   362 | D:1      | Learned a level 2 spell: Searing Ray
   864 | D:1      | Found a white marble altar of Elyvilon.
  1435 | D:2      | Reached skill level 4 in Spellcasting
  1546 | D:2      | Reached skill level 5 in Conjurations
  1546 | D:2      | Reached XP level 3. HP: 19/19 MP: 8/10
  1880 | D:2      | You fall into a shaft and drop 2 floors!
  1887 | D:4      | Noticed a bullfrog
  1890 | D:4      | Reached XP level 4. HP: 24/24 MP: 2/12
  1901 | D:3      | Found a transporter.
  1906 | D:3      | Killed a bullfrog
  1907 | D:3      | Reached skill level 5 in Spellcasting
  1907 | D:3      | Reached XP level 5. HP: 25/28 MP: 1/14
  2037 | D:3      | Noticed Natasha
  2045 | D:3      | Killed Natasha
  2101 | D:3      | Reached skill level 6 in Spellcasting
  2155 | D:3      | Found a snail-covered altar of Cheibriados.
  2197 | D:3      | Found a transporter.
  2437 | D:2      | Found a faded altar of an unknown god.
  2590 | D:3      | Noticed Natasha
  2598 | D:3      | Killed Natasha
  2778 | D:3      | Noticed Robin
  2785 | D:3      | Killed Robin
  2864 | D:3      | Learned a level 4 spell: Fulminant Prism
  2869 | D:3      | Learned a level 4 spell: Iskenderun's Mystic Blast
  2927 | D:3      | Reached XP level 6. HP: 32/32 MP: 12/17
  3025 | D:3      | Noticed Natasha
  3031 | D:3      | Killed Natasha
  3175 | D:3      | Reached skill level 1 in Hexes
  3762 | D:4      | Found a staircase to the Ecumenical Temple.
  3797 | D:4      | Noticed an acid dragon
  3799 | Temple   | Entered the Ecumenical Temple
  4078 | D:4      | Killed an acid dragon
  4079 | D:4      | Reached skill level 7 in Spellcasting
  4079 | D:4      | Reached XP level 7. HP: 7/36 MP: 6/19
  4666 | D:5      | Entered Level 5 of the Dungeon
  4858 | D:5      | Reached skill level 1 in Translocations
  4864 | D:5      | Reached skill level 5 in Hexes
  4869 | D:5      | Noticed Eustachio
  4947 | D:5      | Killed Eustachio
  5193 | D:5      | Reached XP level 8. HP: 41/41 MP: 15/20
  5253 | D:5      | Reached skill level 5 in Stealth
  6300 | D:5      | Found a broken altar of Ashenzari.
  6520 | D:6      | Reached skill level 5 in Translocations
  6820 | D:6      | Reached skill level 1 in Fighting
  7333 | D:6      | Found an iron altar of Okawaru.
  7444 | D:6      | Reached XP level 9. HP: 48/48 MP: 18/22
  7531 | D:6      | Reached skill level 8 in Spellcasting
  8214 | D:7      | Reached skill level 9 in Spellcasting
  8214 | D:7      | Reached skill level 1 in Evocations
  8775 | D:7      | Found a white marble altar of Elyvilon.
  8784 | D:7      | Found an ornate altar of the Wu Jian Council.
  8786 | D:7      | Found a glowing golden altar of the Shining One.
  8836 | D:7      | Found a hide-covered altar of Uskayaw.
  9686 | D:8      | Learned a level 3 spell: Summon Guardian Golem
  9691 | D:8      | Found Misiq's Magic Scroll Emporium.
  9704 | D:8      | Bought a scroll of fear for 35 gold pieces
  9704 | D:8      | Bought a scroll of identify for 20 gold pieces
  9704 | D:8      | Bought a scroll of identify for 20 gold pieces
  9704 | D:8      | Bought a scroll of identify for 20 gold pieces
  9768 | D:8      | Reached skill level 10 in Spellcasting
  9910 | D:8      | Noticed Erica
  9918 | D:8      | Noticed a two-headed ogre
  9934 | D:8      | Killed a two-headed ogre
  9935 | D:8      | Reached skill level 5 in Fighting
  9935 | D:8      | Reached XP level 10. HP: 59/59 MP: 2/26
 10351 | D:8      | Found a shimmering blue altar of Sif Muna.
 10351 | D:8      | Found a basalt altar of Yredelemnul.
 10352 | D:8      | Found a radiant altar of Vehumet.
 10362 | D:8      | Became a worshipper of Vehumet
 10378 | D:8      | Found Etzoih's Assorted Antiques.
 10396 | D:8      | Bought 2 viscous brown potions for 41 gold pieces
 10396 | D:8      | Bought a dented diamond amulet for 115 gold pieces
 10486 | D:8      | Found Damail's General Store.
 10544 | D:8      | Found a huge runed translucent gate.
 10545 | D:8      | Found a huge runed translucent gate.
 10546 | D:8      | Found a huge runed translucent gate.
 10546 | D:8      | Noticed a manticore
 10547 | D:8      | Found a huge runed translucent gate.
 10793 | D:8      | Found an ancient bone altar of Kikubaaqudgha.
 10809 | D:8      | Found a burning altar of Makhleb.
 10826 | D:8      | Killed Erica
 10827 | D:8      | Reached skill level 11 in Spellcasting
 10910 | D:8      | Noticed a two-headed ogre
 10916 | D:8      | Mangled by a two-headed ogre

Illustrated notes

Levels and vault maps discovered:
D:1:      dpeg_arrival_water_altar, layout_basic
D:2:      layout_basic, hellmonk_ecumenical_altar_lost_god, serial_aquarium,
          aquarium_bridge_long_separate [aquarium_subvault_bridge,
          aquarium_subvault_balcony, aquarium_subvault_wall,
          aquarium_subvault_bridge, aquarium_subvault_window,
          aquarium_subvault_wall], aquarium_window_fake, aquarium_window_2,
          aquarium_window_1, aquarium_view_2d, aquarium_view_2e,
          aquarium_pool_1, minmay_between
D:3:      gammafunk_steamed_eel, layout_rooms, kennysheep_slug_shrine,
          gup_sewer_entry_pipe, uniq_natasha, uniq_robin
D:4:      layout_rooms, minmay_temple_entry_sparse_star
D:5:      layout_loops_ring, lemuel_coloured_pillars_altar,
          minmay_misc_feat_diagonals, uniq_eustachio
D:6:      layout_gridville, okawaru_gym_becter
D:7:      layout_cave_pools, grunt_temple_overflow_open
D:8:      lemuel_bear_cage, layout_loops_corners,
          chequers_temple_overflow_statue_of_worship, nicolae_overflow_squiral,
          serial_shops, nicolae_diamond_shop, nicolae_shop_behind_doors,
          nicolae_shop_crystal, shop, nicolae_shop_advertising_works
          [nicolae_subvault_shop_adworks], kennysheep_generic_room_5, uniq_erica
Temple:   dpeg_chambers_temple

Skill      XL: |  1  2  3  4  5  6  7  8  9 10 |
---------------+-------------------------------+-----
Spellcasting   | 4 5 6 7 10 11 | 11.3
Conjurations   | 5 6 7 |  7.0
Hexes          | 3 5 7 |  7.0
Stealth        | 3 4 6 7 |  7.0
Translocations | 3 5 |  5.0
Fighting       | 2 5 |  5.0
Evocations     | 3 |  3.9
Dodging        | 4 |  4.0

Action                   |  1- 3 |  4- 6 |  7- 9 | 10-12 || total
-------------------------+-------+-------+-------+-------++-------
Melee: Whip              |       |     1 |       |       ||     1
 Fire: Hunting sling     |       |     6 |    49 |     2 ||    57
 Cast: Magic Dart        |    42 |    37 |       |       ||    79
       Searing Ray       |     4 |    20 |    55 |     8 ||    87
       Fulminant Prism   |       |     2 |    17 |     5 ||    24
       Iskenderun's Myst |       |       |    11 |     2 ||    13
Evoke: Wand              |       |       |     2 |       ||     2
  Use: Scroll            |       |       |    14 |     1 ||    15
Armor: Robe              |       |     4 |    19 |       ||    23
Dodge: Dodged            |     2 |    24 |    33 |     6 ||    65

Table legend: (Time is in decaauts)
 A = Elapsed time spent in this place.
 B = Non-inter-level travel time spent in this place.
 C = Inter-level travel time spent in this place.
 D = Time resting spent in this place.
 E = Time spent auto-exploring this place.
 F = Levels seen in this place.
 G = Mean time per level.
                   A        B        C        D        E       F      G
               +--------+--------+--------+--------+--------+-----+--------+
         Total |  10941 |  10546 |    395 |   4841 |   4663 |   9 | 1215.7 |
       Dungeon |  10428 |  10054 |    374 |   4603 |   4422 |   8 | 1303.5 |
        Temple |    513 |    492 |     21 |    238 |    241 |   1 |  513.0 |
               +--------+--------+--------+--------+--------+-----+--------+

Top non-repeatable levels by time:
     D:7: 1634 daAuts
     D:6: 1600 daAuts
     D:5: 1534 daAuts
     D:2: 1347 daAuts
     D:8: 1272 daAuts
     D:3: 1208 daAuts
     D:4: 926 daAuts
     D:1: 905 daAuts
  Temple: 513 daAuts
